 Dungeon Crawl Stone Soup version 0.29-a0-341-g24ffce5b50 (webtiles) character file.

Game seed: 7571980778887071722

127815 thiscave3701365 the Executioner (level 16, -3/141 HPs)
             Began as a Minotaur Berserker on Apr 20, 2022.
             Was the Champion of Trog.
             Slain by an alligator (10 damage)
             ... called by a spriggan druid
             ... on level 3 of the Swamp.
             The game lasted 01:02:17 (30073 turns).

thiscave3701365 the Executioner (MiBe)             Turns: 30073, Time: 01:02:18

Health: -3/141     AC: 36    Str: 34    XL:     16   Next: 47%
Magic:  15/15      EV:  5    Int:  4    God:    Trog [******]
Gold:   1758       SH: 30    Dex: 12    Spells: 15/15 levels left

rFire   . . .      SeeInvis .   K - +5 demon trident (spect)
rCold   . . .      Faith    .   k - +18 shield of the Gong {rElec rN+ Will+ EV-5}
rNeg    + . .      Spirit   .   l - +13 plate armour of Wu Jian's Benevolence {Regen+}
rPois   .          Reflect  .   I - +2 hat
rElec   +          Harm     .   r - +2 cloak
rCorr   .          Rampage  .   x - +1 pair of gloves
Will    +++..                   (no boots)
Stlth   ..........              V - amulet of regeneration
HPRegen 1.93/turn               Y - ring of willpower
MPRegen 0.14/turn               m - +6 ring of strength

@: about to teleport, on berserk cooldown, slowed, studying Slings, very slow
A: horns 2, retaliatory headbutt
a: Renounce Religion, Berserk, Trog's Hand, Brothers in Arms


You were on level 3 of the Swamp.
You worshipped Trog.
Trog was exalted by your worship.
You visited 4 branches of the dungeon, and saw 26 of its levels.
You also visited: Ice Cave.

You collected 3644 gold pieces.
You spent 1886 gold pieces at shops.

Inventory:

Hand Weapons
 i - a +5 battleaxe of freezing
 E - the +11 hand axe of Bankruptcy {freeze, rF+ SInv}
   (You found it on level 7 of the Dungeon)

   It freezes those it strikes, dealing additional cold damage.
   It can also slow down cold-blooded creatures.
   rF:        It protects you from fire.
   SInv:      It lets you see invisible.
 J - the +4 war axe "Vitoe" {vorpal, rC+}
   (Trog gifted it to you on level 1 of the Swamp)

   It inflicts extra damage upon your enemies.
   rC:        It protects you from cold.
 K - a +5 spectral demon trident (weapon)
Armour
 k - the +18 shield of the Gong (worn) {rElec rN+ Will+ EV-5}
   (You acquired it on level 7 of the Dungeon)

   It is deafeningly noisy when blocking attacks.
   EV:        It affects your evasion (-5).
   rElec:     It insulates you from electricity.
   rN:        It protects you from negative energy.
   Will:      It increases your willpower.
 l - the +13 plate armour of Wu Jian's Benevolence (worn) {Regen+}
   (You bought it in a shop on level 2 of the Orcish Mines)

   Regen:     It increases your rate of health regeneration.
 r - a +2 cloak (worn)
 x - a +1 pair of gloves (worn)
 I - a +2 hat (worn)
Jewellery
 m - a +6 ring of strength (right hand)
 s - a +4 ring of evasion
 F - a ring of see invisible
 M - a ring of willpower
 N - an amulet of reflection
 V - an amulet of regeneration (around neck)
 W - the ring "Dejitun" {Ice Dex+7}
   (You found it on level 3 of the Lair of Beasts)

   [ring of ice]

   It enhances your ice magic.
   Dex:       It affects your dexterity (+7).
   rF:        It makes you vulnerable to fire.
   rC:        It protects you from cold.
 Y - a ring of willpower (left hand)
Wands
 b - a wand of flame (29)
 w - a wand of acid (3)
 A - a wand of charming (8)
 C - a wand of digging (3)
 G - a wand of paralysis (11)
 H - a wand of iceblast (13)
 X - a wand of mindburst (20)
Scrolls
 d - 20 scrolls of identify
 g - a scroll of fear
 h - 11 scrolls of teleportation
 n - 3 scrolls of summoning
 y - 6 scrolls of vulnerability
 O - 5 scrolls of fog
 P - 3 scrolls of magic mapping
 Q - 3 scrolls of blinking
Potions
 a - 3 potions of cancellation
 c - 5 potions of might
 e - 18 potions of curing
 f - 2 potions of invisibility
 j - 6 potions of berserk rage
 o - 5 potions of haste
 p - 5 potions of lignification
 q - 3 potions of flight
 u - a potion of resistance
 v - 3 potions of magic
 z - 8 potions of heal wounds
 B - 3 potions of attraction
 D - 4 potions of mutation
 Z - a potion of ambrosia
Miscellaneous
 t - a piece from Xom's chessboard (15/15)
 T - a phantom mirror


   Skills:
 - Level 12.5 Fighting
 - Level 25.7(26.0) Axes
 + Level 7.2(18.4) Polearms
 - Level 11.7 Armour
 - Level 7.3 Dodging
 - Level 2.3 Stealth
 - Level 14.2 Shields


You had 15 spell levels left.
You didn't know any spells.
Your spell library was empty.

Dungeon Overview and Level Annotations

Branches:
Dungeon (15/15)            Temple (0/1) D:7            Lair (6/6) D:9
  Swamp (3/4) Lair:2       Spider (0/4) Lair:3        Slime (0/5) Lair:5
    Orc (2/2) D:9             Elf (0/3) Orc:2        Vaults (0/5) D:14
 Depths (0/4) D:15          IceCv (visited)

Altars:
Ashenzari
Cheibriados
Elyvilon
Fedhas
Gozag
Hepliaklqana
Makhleb
Nemelex Xobeh
Qazlal
Trog
Uskayaw
Vehumet
Wu Jian
Xom
Beogh
Jiyva
Lugonu

Shops:
D:2 !   D:6 ::*   Orc:1 ?   Orc:2 :[*[

Portals:
Trove: D:10 (give 4 potions of resistance)


Innate Abilities, Weirdness & Mutations

You have a pair of horns on your head.
You reflexively headbutt those who attack you in melee.


Message History

The alligator barely misses you. You block the alligator's attack.
BOUMMMMG!
The alligator tail-slaps you but does no damage.
The alligator bites you! You block the alligator's attack.
GONNNNG!
You hear a shout!
You hear a chilling moan.
You hear a roar!
You hit the alligator. You headbutt the alligator.
The alligator is moderately wounded.
Your +5 spectral demon trident hits the alligator from afar!
You block the alligator's attack.
BOUMMMMG!
The alligator tail-slaps you!
* * * LOW HITPOINT WARNING * * *
The spriggan druid splashes around in the water.
You block the alligator's attack.
BONNNG!
You block the alligator's attack.
GONNNNG!
The alligator bites you.
* * * LOW HITPOINT WARNING * * *
You block the alligator's attack.
GONNNNG!
You hear a chilling moan.
You barely miss the alligator. You headbutt the alligator!
The alligator is heavily wounded.
Your +5 spectral demon trident hits the alligator from afar!
The bunyip claws you!
* * * LOW HITPOINT WARNING * * *
You block the bunyip's attack.
PTOANNNG!
The bunyip claws you but does no damage.
The alligator bites you but does no damage.
You block the alligator's attack.
PANG!
You block the spriggan druid's attack.
GONNNNG!
The alligator barely misses you.
The alligator tail-slaps you but does no damage.
The alligator bites you!!
* * * LOW HITPOINT WARNING * * *
The alligator tail-slaps you!
You die...

.≈ ≈♣≈≈
≈≈≈♣≈§≈
≈≈≈≈≈≈
≈♣♣≈♣≈.♣♣
≈≈≈≈..≈.♣
≈≈≈≈≈≈≈t♣♣
.≈..§.≈i(♣
♣..♣t@♣♣
♣.†xtt♣♣
♣♣.≈x≈>♣
♣♣≈.).♣
♣♣...♣
♣♣≈≈♣♣
♣.≈.♣
♣♣≈.♣
♣≈.≈♣


You could see 2 bunyips, 4 alligators, a spriggan druid and a friendly +5
spectral demon trident (summoned).

Vanquished Creatures
  A tentacled monstrosity (Swamp:1)
  Rupert (D:13)
  Frances (Swamp:1)
  Kirke (Swamp:1)
  Louise (Swamp:3)
  A reaper (IceCv)
  2 eleionomae (Swamp:2)
  3 bunyips
  The ghost of spaghetti the Fighter, a journeyman DjVM of Cheibriados (D:12)
  A shambling mangrove (Swamp:2)
  2 fire dragons (D:15)
  Fannar (Lair:2)
  A rakshasa (D:13)
  The ghost of HendSelp the Quickloader, a journeyman BaHu of Ashenzari (D:8)
  2 catoblepae (Lair:6)
  4 ogre magi (Orc:2)
  4 centaur warriors
  8 boulder beetles
  5 hydras
  An ice dragon (Lair:6)
  21 two-headed ogres
  An anaconda (Lair:6)
  6 alligators
  Erica (D:9)
  2 tengu warriors
  A death yak (Lair:6)
  Urug (Lair:2)
  Sonja (Lair:6)
  3 goliath frogs
  2 swamp dragons (Swamp:2)
  2 spriggan druids
  4 bog bodies
  An orc knight (D:13)
  A wizard (D:14)
  A lindwurm (Lair:6)
  Pikel (D:8)
  A deep elf pyromancer (D:12)
  A necromancer (D:14)
  11 ugly things
  A wolf spider (D:15)
  8 cyclopes
  4 will-o-the-wisps
  2 oklob plants
  2 manticores
  2 ice statues (IceCv)
  A black mamba (Lair:6)
  12 cane toads
  12 elephants
  5 torpor snails (Lair:6)
  3 gargoyles (D:12)
  A cane toad (shapeshifter) (D:14)
  Psyche (D:10)
  Maggie (D:9)
  A komodo dragon (shapeshifter) (D:13)
  7 ice devils (IceCv)
  7 komodo dragons
  2 freezing wraiths
  3 tengu conjurers
  A troll (shapeshifter) (D:13)
  7 trolls
  8 tyrant leeches
  9 polar bears (Lair:6)
  Grinder (D:6)
  A tarantella (shapeshifter) (D:13)
  12 hornets
  8 blink frogs
  4 raiju (Lair:6)
  4 dream sheep (Lair:3)
  8 slime creatures
  2 jumping spiders (Lair:3)
  A shadow (D:9)
  Sigmund (D:2)
  2 culicivoras (Lair:3)
  2 wyverns
  A dire elephant simulacrum (IceCv)
  3 wraiths
  A spriggan (D:10)
  5 basilisks
  61 yaks
  4 hogs (Swamp:1)
  Grum (D:9)
  A redback (Lair:3)
  5 steam dragons
  10 vampire mosquitoes
  8 swamp worms
  7 wargs
  12 water moccasins
  3 acid dragons
  13 hell hounds (Lair:6)
  14 orc warriors
  13 black bears
  A sky beast (D:5)
  2 swamp drakes
  11 centaurs
  28 ogres
  27 wolves
  4 boggarts (D:15)
  A lemure (D:8)
  A phantom (D:3)
  3 kobold brigands (D:8)
  7 bullfrogs
  A gnoll sergeant (D:9)
  4 scorpions
  A necrophage (D:4)
  A cane toad simulacrum (Orc:2)
  4 two-headed ogre simulacra (IceCv)
  15 wights
  6 elephant simulacra
  5 killer bees (D:8)
  4 electric eels
  6 howler monkeys
  8 hounds
  A jelly (D:7)
  14 orc priests
  Crazy Yiuf (D:2)
  20 orc wizards
  Terence (D:2)
  3 iguanas
  2 spriggan simulacra (IceCv)
  3 troll simulacra (Orc:2)
  2 polar bear simulacra
  2 wolf simulacra
  13 gnolls
  15 adders
  2 naga simulacra (IceCv)
  5 white imps
  An ufetubus (D:7)
  A worm (D:2)
  A dart slug (D:2)
  63 orcs
  8 endoplasms
  5 giant cockroaches
  8 hobgoblins
  6 jackals
  3 quokkas
  9 ball pythons
  5 bats
  2 frilled lizards
  5 goblins
  25 kobolds
  5 rats
  3 bushes
786 creatures vanquished.

Vanquished Creatures (others)
  A hydra (Swamp:1)
  A spriggan druid (Swamp:1)
  A bloated husk (Swamp:1)
  A human (Swamp:1)
  2 ufetubi (IceCv)
  An orc (D:9)
  15 foxfires
  61 fungi
  105 plants
188 creatures vanquished.

Grand Total: 974 creatures vanquished

Notes
Turn   | Place    | Note
-------+----------+-------------------------------------------
     0 | D:1      | thiscave3701365 the Minotaur Berserker began the quest for
                  | the Orb.
     0 | D:1      | Reached XP level 1. HP: 19/19 MP: 0/0
   319 | D:1      | Reached XP level 2. HP: 24/27 MP: 1/1
  1167 | D:2      | Reached ** piety under Trog
  1168 | D:2      | Reached skill level 4 in Axes
  1235 | D:2      | Noticed Terence
  1245 | D:2      | Killed Terence
  1246 | D:2      | Reached XP level 3. HP: 8/33 MP: 2/2
  1533 | D:2      | Found a runed translucent door.
  1534 | D:2      | Noticed Crazy Yiuf
  1709 | D:2      | Reached XP level 4. HP: 37/41 MP: 3/3
  1890 | D:2      | Found Ruciklia's Distillery.
  2208 | D:2      | Noticed Sigmund
  2215 | D:2      | Killed Sigmund
  2216 | D:2      | Reached skill level 5 in Fighting
  2216 | D:2      | Reached skill level 5 in Axes
  2216 | D:2      | Reached XP level 5. HP: 48/48 MP: 4/4
  2512 | D:2      | Killed Crazy Yiuf
  2513 | D:2      | Reached XP level 6. HP: 56/56 MP: 5/5
  3065 | D:3      | Reached skill level 5 in Armour
  3065 | D:3      | Reached XP level 7. HP: 56/62 MP: 6/6
  3448 | D:4      | Reached *** piety under Trog
  3469 | D:4      | Reached skill level 6 in Axes
  3607 | D:4      | Found a burning altar of Makhleb.
  3709 | D:4      | Found an ornate altar of the Wu Jian Council.
  3714 | D:4      | Reached skill level 5 in Dodging
  3859 | D:4      | Found a shimmering altar of Xom.
  4182 | D:4      | Found a stormy altar of Qazlal.
  4286 | D:4      | Found a hazy altar of Hepliaklqana.
  4291 | D:4      | Found a sparkling altar of Nemelex Xobeh.
  4291 | D:4      | Found a blossoming altar of Fedhas.
  4308 | D:4      | Found a snail-covered altar of Cheibriados.
  4736 | D:5      | Entered Level 5 of the Dungeon
  4827 | D:5      | Reached XP level 8. HP: 70/71 MP: 7/7
  5175 | D:5      | Reached skill level 7 in Axes
  5457 | D:5      | Found a white marble altar of Elyvilon.
  5592 | D:6      | Found Puguopp's Assorted Antiques.
  5631 | D:6      | Found Fepepsad's Book Boutique.
  5958 | D:6      | Found an opulent altar of Gozag.
  6075 | D:6      | Noticed Grinder
  6076 | D:6      | Paralysed by Grinder for 4 turns
  6086 | D:6      | Killed Grinder
  6124 | D:6      | Found Zemnill's General Store.
  6396 | D:6      | Found Gostas's Book Emporium.
  6672 | D:7      | Reached XP level 9. HP: 81/81 MP: 8/8
  6998 | D:7      | Found a staircase to the Ecumenical Temple.
  7304 | D:7      | Reached skill level 8 in Axes
  7477 | D:7      | Found a bloodstained altar of Trog.
  7916 | D:7      | Identified the +11 hand axe of Bankruptcy {freeze, rF+
                  | SInv}
  7934 | D:8      | Noticed Pikel
  7941 | D:8      | Reached skill level 9 in Axes
  7944 | D:8      | Reached skill level 10 in Axes
  7946 | D:8      | Killed Pikel
  7947 | D:8      | Reached skill level 11 in Axes
  7981 | D:8      | Reached **** piety under Trog
  8450 | D:8      | Reached skill level 12 in Axes
  8450 | D:8      | Reached XP level 10. HP: 89/89 MP: 9/9
  8963 | D:8      | Found a hide-covered altar of Uskayaw.
  8986 | D:8      | Found a transporter.
  8987 | D:8      | Noticed HendSelp's ghost (journeyman BaHu)
  8993 | D:8      | Found a transporter.
  9157 | D:7      | Identified a scroll of acquirement
  9157 | D:7      | Acquired the +18 shield of the Gong {rElec rN+ Will+ EV-5}
  9157 | D:7      | Found the +18 shield of the Gong {rElec rN+ Will+ EV-5}
  9402 | D:9      | Found a broken altar of Ashenzari.
  9402 | D:9      | Noticed Grum
  9417 | D:8      | Reached skill level 13 in Axes
 10123 | D:8      | Reached skill level 14 in Axes
 10176 | D:9      | Noticed Maggie
 10189 | D:9      | Killed Maggie
 10192 | D:9      | Killed Grum
 10347 | D:9      | Reached skill level 15 in Axes
 10403 | D:9      | Found a staircase to the Lair.
 10413 | D:9      | Noticed Erica
 10428 | D:9      | Killed Erica
 10429 | D:9      | Reached XP level 11. HP: 87/95 MP: 10/10
 10883 | D:9      | Reached skill level 16 in Axes
 10979 | D:9      | Found a staircase to the Orcish Mines.
 11325 | D:10     | Entered Level 10 of the Dungeon
 11364 | D:10     | Noticed Psyche
 11372 | D:10     | Killed Psyche
 11373 | D:10     | Reached skill level 17 in Axes
 11591 | D:10     | Found a portal to a secret trove of treasure.
 12594 | D:11     | Found a broken altar of Ashenzari.
 12652 | D:11     | Reached skill level 18 in Axes
 12956 | D:11     | Noticed a two-headed ogre
 12965 | D:11     | Killed a two-headed ogre
 13595 | D:12     | Found a runed translucent gate.
 13669 | D:12     | Noticed a brown ugly thing
 13676 | D:12     | Killed a brown ugly thing
 13743 | D:12     | Noticed a boulder beetle
 13750 | D:12     | Reached skill level 19 in Axes
 13750 | D:12     | Reached skill level 1 in Shields
 13755 | D:12     | Killed a boulder beetle
 13767 | D:12     | Reached XP level 12. HP: 103/103 MP: 11/11
 14222 | D:12     | Identified the +9 quarterstaff "Deylar" {drain, rElec rCorr
                  | Dex+2}
 14223 | D:12     | Found a runed translucent gate.
 14223 | D:12     | Identified the +7 plate armour of Veoph {rElec rC++ Regen+
                  | Str-4}
 14223 | D:12     | Noticed spaghetti's ghost (journeyman DjVM)
 14224 | D:12     | Found a runed translucent gate.
 14382 | D:12     | Found a corrupted altar of Lugonu.
 14825 | Lair:1   | Entered Level 1 of the Lair of Beasts
 15036 | Lair:1   | Reached skill level 5 in Shields
 15564 | Lair:2   | Noticed a four-headed hydra
 15577 | Lair:2   | Killed a 13-headed hydra
 15584 | Lair:2   | Noticed Urug
 16036 | Lair:2   | Killed Urug
 16172 | Lair:2   | Found a staircase to the Swamp.
 16369 | Lair:2   | Noticed a boulder beetle
 16379 | Lair:2   | Killed a boulder beetle
 16740 | Lair:2   | Noticed Fannar
 16759 | Lair:2   | Killed Fannar
 17244 | Lair:3   | Noticed a four-headed hydra
 17248 | Lair:3   | Reached XP level 13. HP: 81/111 MP: 12/12
 17259 | Lair:3   | Reached skill level 20 in Axes
 17326 | Lair:3   | Reached skill level 10 in Shields
 17436 | Lair:3   | Reached skill level 10 in Fighting
 18027 | Lair:3   | Found a hole to the Spider Nest.
 18094 | Lair:3   | Identified the ring "Dejitun" {Ice Dex+7}
 18284 | Lair:4   | Reached skill level 10 in Armour
 19382 | D:12     | Killed spaghetti's ghost
 19398 | D:12     | Reached ***** piety under Trog
 19608 | D:8      | Killed HendSelp's ghost
 19609 | D:8      | Reached skill level 1 in Stealth
 19976 | Lair:5   | Found a staircase to the Slime Pits.
 19977 | Lair:5   | Found a viscous altar of Jiyva.
 20504 | Lair:6   | Entered Level 6 of the Lair of Beasts
 20544 | Lair:6   | Noticed Sonja
 20553 | Lair:6   | Killed Sonja
 20751 | Lair:6   | Reached XP level 14. HP: 103/124 MP: 13/13
 21620 | Lair:6   | Received a gift from Trog
 21836 | Lair:6   | Found a runed translucent door.
 22571 | Lair:6   | Acquired a +4 battleaxe of freezing
 22958 | D:13     | Found a radiant altar of Vehumet.
 22961 | D:13     | Reached skill level 21 in Axes
 23073 | D:13     | Noticed Rupert
 23085 | D:13     | Killed Rupert
 24199 | Orc:1    | Entered Level 1 of the Orcish Mines
 24280 | Orc:1    | Found Tapujyp's Magic Scroll Boutique.
 24558 | Orc:2    | Entered Level 2 of the Orcish Mines
 24614 | Orc:2    | Found a frozen archway.
 24623 | Orc:2    | Received a gift from Trog
 24650 | IceCv    | Entered an ice cave
 24969 | IceCv    | Noticed a reaper
 24993 | IceCv    | Reached XP level 15. HP: 134/134 MP: 14/14
 25137 | IceCv    | Reached skill level 22 in Axes
 25664 | Orc:2    | Reached ****** piety under Trog
 25712 | Orc:2    | Received a gift from Trog
 25734 | Orc:2    | Reached skill level 23 in Axes
 25848 | Orc:2    | Found a staircase to the Elven Halls.
 25969 | Orc:2    | Found Buratavug's Book Shop.
 25969 | Orc:2    | Found Zynwex's Assorted Antiques.
 25969 | Orc:2    | Found Tuat's Armour Shoppe.
 25969 | Orc:2    | Found Jimpi's Antique Armour Boutique.
 26314 | Orc:2    | Bought the +13 plate armour of Wu Jian's Benevolence
                  | {Regen+} for 1045 gold pieces
 26365 | Orc:1    | Bought a scroll of enchant weapon for 90 gold pieces
 26365 | Orc:1    | Bought a scroll of teleportation for 36 gold pieces
 26365 | Orc:1    | Bought a scroll of teleportation for 36 gold pieces
 26365 | Orc:1    | Bought a scroll of blinking for 90 gold pieces
 26404 | Orc:2    | Bought a scroll of teleportation for 93 gold pieces
 26404 | Orc:2    | Bought a scroll of teleportation for 93 gold pieces
 26404 | Orc:2    | Bought a potion of haste for 310 gold pieces
 26404 | Orc:2    | Bought a potion of attraction for 93 gold pieces
 26750 | D:14     | Found a hazy altar of Hepliaklqana.
 27002 | D:14     | Reached skill level 24 in Axes
 27301 | D:14     | Found a gate to the Vaults.
 27636 | D:15     | Entered Level 15 of the Dungeon
 28217 | D:15     | Found a staircase to the Depths.
 28705 | Swamp:1  | Entered Level 1 of the Swamp
 28710 | Swamp:1  | Reached skill level 25 in Axes
 28728 | Swamp:1  | Noticed Kirke
 28730 | Swamp:1  | Identified the +4 war axe "Vitoe" {vorpal, rC+} (Trog
                  | gifted it to you on level 1 of the Swamp)
 28730 | Swamp:1  | Received a gift from Trog
 28734 | Swamp:1  | Reached XP level 16. HP: 141/141 MP: 15/15
 28746 | Swamp:1  | Noticed a tentacled monstrosity
 28752 | Swamp:1  | Killed Kirke
 28764 | Swamp:1  | Killed a tentacled monstrosity
 28772 | Swamp:1  | Noticed Frances
 28785 | Swamp:1  | Killed Frances
 29355 | Swamp:2  | Reached skill level 1 in Polearms
 29539 | Swamp:2  | Reached skill level 5 in Polearms
 30030 | Swamp:3  | Noticed Louise
 30060 | Swamp:3  | Killed Louise
 30073 | Swamp:3  | HP: 7/141 [alligator[a spriggan druid] (19)]
 30073 | Swamp:3  | Slain by an alligator

Illustrated notes

Levels and vault maps discovered:
D:1:      giann_horns, layout_loops_ring, serial_forest,
          infiniplex_forest_clump_large, infiniplex_forest_lined_corner,
          infiniplex_forest_lined_ring, infiniplex_forest_join,
          infiniplex_forest_clump_C
D:2:      minmay_alternating_diamond, layout_basic, serial_forest,
          infiniplex_forest_clump_cross, infiniplex_forest_straight_2,
          infiniplex_forest_straight_3, infiniplex_forest_corner_2,
          infiniplex_forest_lined_3, infiniplex_forest_clump_double,
          infiniplex_forest_clump_cross, infiniplex_forest_clump_small,
          serial_shops, shop, uniq_sigmund, uniq_crazy_yiuf_cottage,
          uniq_terence
D:3:      layout_loops_cross, kennysheep_generic_room_12
D:4:      layout_loops_ring, mainiacjoe_overflow_catwalk_spiral,
          lightli_temple_of_fire, nicolae_overflow_hallway_of_the_gods,
          minmay_misc_feat_room
D:5:      layout_rooms, nicolae_elyvilon_peaceful_grove
D:6:      layout_basic, grunt_gozag_breadcrumbs, serial_shops,
          nicolae_shop_hallway_plus, kennysheep_mini_moat,
          kennysheep_little_box, shop_coins, uniq_grinder
D:7:      layout_layer_cave, bloody_trog, temple_doors_ab, minmay_misc_feat_tiny
D:8:      layout_cave_pools, mainiacjoe_overflow_surrounded_room,
          gammafunk_ghost_smash, uniq_pikel
D:9:      layout_basic, mainiacjoe_overflow_boulevard, erik_lair_island,
          uniq_erica, uniq_maggie, uniq_grum
D:10:     layout_gridville, enter_trove_1, the_hattery, uniq_psyche
D:11:     layout_small_grid, serial_park_tiny_1, evilmike_ruin_ashenzari
D:12:     layout_basic, biasface_ghost_orc_armoury, minivault_22,
          tgw_lugonu_bribe
D:13:     layout_basic, minmay_ruined_shrine, uniq_rupert
D:14:     minmay_ambush_box, layout_basic, david_vaults_1,
          nicolae_hepliaklqana_hazy_memory
D:15:     grunt_enter_depths_hoard, layout_cross
Lair:1:   layout_gridlike
Lair:2:   layout_regular_city, nicolae_swamp_entry_splash_gauntlet,
          minmay_lair_oklob_items, nzn_sisyphean_effort, uniq_urug, uniq_fannar
Lair:3:   layout_gridlike, spider_nest_entry_funnel_web
Lair:4:   layout_cave_pods, lemuel_fruit_fields
Lair:5:   minmay_lair_venomous_thicket, layout_regular_city, slime_altar_1,
          grunt_megastairs_5
Lair:6:   wormcave, layout_misc_corridors, hangedman_lair_caniforms_friends,
          nicolae_lair_yak_garden, uniq_sonja
Swamp:1:  layout_falls_marsh, evilmike_swamp_ruin_house_5, swamp_pool2,
          uniq_frances, uniq_kirke
Swamp:2:  layout_falls_marsh, hangedman_swamp_ruin_wall
Swamp:3:  layout_falls_marsh, nicolae_swamp_bean_lake,
          nicolae_swamp_stuck_in_the_mud, uniq_louise
Orc:1:    layout_caves, serial_shops, shop
Orc:2:    st_orc_ogre_mass, layout_caves, portal_ice_cave_entry_ice_simulacra

Skill      XL: |  1  2  3  4  5  6  7  8  9 10 11 12 13 14 15 16 |
---------------+-------------------------------------------------+-----
Fighting       | 4 5 6 7 8 9 11 12 | 12.5
Axes           | 4 5 6 7 12 15 19 20 21 25 | 25.7
Armour         | 3 4 5 6 7 8 9 10 11 | 11.7
Dodging        | 3 4 5 6 7 |  7.3
Shields        | 1 9 12 14 | 14.2
Stealth        | 1 2 |  2.3
Polearms       | 7 |  7.2

Action                   |  1- 3 |  4- 6 |  7- 9 | 10-12 | 13-15 | 16-18 || total
-------------------------+-------+-------+-------+-------+-------+-------++-------
Melee: Hand axe          |   171 |    73 |   216 |   390 |  1030 |   107 ||  1987
       Headbutt          |    42 |    10 |    36 |    82 |   262 |    35 ||   467
       Punch             |     3 |       |     1 |       |       |       ||     4
       Demon trident     |       |       |       |       |       |   109 ||   109
Invok: Berserk           |     1 |     4 |    18 |    16 |    24 |     4 ||    67
  Use: Scroll            |       |       |       |    29 |    14 |     2 ||    45
 Stab: Petrifying        |       |       |       |       |     1 |       ||     1
       Petrified         |       |       |       |       |     7 |       ||     7
Armor: Animal skin       |    12 |       |       |       |       |       ||    12
       Chain mail        |    13 |    36 |   103 |    29 |       |       ||   181
       Plate armour      |       |       |       |    73 |   239 |   103 ||   415
       Skin              |       |       |       |       |     5 |       ||     5
Dodge: Dodged            |    43 |    46 |   114 |    46 |    59 |    19 ||   327
Block: Kite shield       |       |       |       |   378 |  1029 |   213 ||  1620
       Reflection        |       |       |       |    11 |     6 |       ||    17

Table legend: (Time is in decaauts)
 A = Elapsed time spent in this place.
 B = Non-inter-level travel time spent in this place.
 C = Inter-level travel time spent in this place.
 D = Time resting spent in this place.
 E = Time spent auto-exploring this place.
 F = Levels seen in this place.
 G = Mean time per level.
                   A        B        C        D        E       F      G
               +--------+--------+--------+--------+--------+-----+--------+
         Total |  30355 |  27324 |   3031 |   7375 |  16024 |  27 | 1124.3 |
       Dungeon |  18917 |  16872 |   2045 |   4986 |   9811 |  15 | 1261.1 |
          Lair |   7842 |   7106 |    736 |   1607 |   4527 |   6 | 1307.0 |
         Swamp |   1410 |   1296 |    114 |    206 |    803 |   3 |  470.0 |
  Orcish Mines |   1194 |   1059 |    135 |     50 |    750 |   2 |  597.0 |
      Ice Cave |    990 |    990 |      0 |    524 |    132 |   1 |  990.0 |
               +--------+--------+--------+--------+--------+-----+--------+

Top non-repeatable levels by time:
     D:8: 2554 daAuts
  Lair:6: 2378 daAuts
     D:7: 1691 daAuts
     D:2: 1509 daAuts
     D:4: 1416 daAuts
  Lair:2: 1407 daAuts
    D:12: 1383 daAuts
    D:11: 1326 daAuts
    D:10: 1252 daAuts
     D:1: 1172 daAuts
  Lair:1: 1171 daAuts
  Lair:4: 1151 daAuts
     D:9: 1141 daAuts
    D:14: 1124 daAuts
   IceCv: 990 daAuts
